 Dungeon Sprint DCSS version 0.28.0-1-gb440e238dd (webtiles) character file.

Game seed: 5968942939687715657

256 boopmooplesden the Fighter (level 6, -1/79 HPs)
             Began as an Ogre Berserker on Feb 26, 2022.
             Was a Follower of Trog.
             Slain by a neqoxec (2 damage)
             ... in the Dungeon (Sprint II: "The Violet Keep of Menkaure").
             The game lasted 00:00:16 (31 turns).

boopmooplesden the Fighter (Ogre Berserker)           Turns: 31, Time: 00:00:16

Health: -1/79      AC:  3    Str: 24      XL:     6   Next: 15%
Magic:  6/6        EV: 11    Int:  5 (8)  God:    Trog [*.....]
Gold:   0          SH:  0    Dex:  8      Spells: 5/5 levels left

rFire   . . .      SeeInvis .   a - +0 hand axe
rCold   . . .      Faith    .   (no shield)
rNeg    . . .      Spirit   .   b - +0 animal skin
rPois   .          Reflect  .   (helmet restricted)
rElec   .          Harm     .   (no cloak)
rCorr   .          Rampage  .   (gloves unavailable)
Will    .....      NoTele   +   (boots unavailable)
Stlth   +.........              (no amulet)
HPRegen 0.23/turn               (no ring)
MPRegen 0.10/turn               (no ring)

@: on berserk cooldown, slowed, very slow
A: large, unfitting armour, tough skin 1, mutation resistance 1, screaming 1,
subdued magic 1, MP-powered wands
a: Renounce Religion, Berserk


You were in the Dungeon.
You worshipped Trog.
Trog was aware of your devotion.
You visited 1 branch

Inventory:

Hand Weapons
 a - a +0 hand axe (weapon)
Armour
 b - a +0 animal skin (worn)
Scrolls
 h - a scroll of blinking
Potions
 c - a potion of curing
 e - a potion of haste
 f - 2 potions of magic
 g - a potion of berserk rage


   Skills:
 + Level 10.3 Fighting
 + Level 7.8 Axes
 + Level 6.7 Dodging


You had 5 spell levels left.
You didn't know any spells.
Your spell library was empty.

Dungeon Overview and Level Annotations

Branches:
Dungeon (1/1)

Altars:


Innate Abilities, Weirdness & Mutations

You are too large for most types of armour.
You have tough skin. (AC +1)
You are somewhat resistant to further mutation.
You occasionally shout uncontrollably at your foes.
Your spells are a little easier to cast, but a little less powerful.
You expend magic power (3 MP) to strengthen your wands.


Message History

You hit the neqoxec.
The neqoxec is lightly wounded.
You slash the neqoxec! You closely miss the neqoxec.
The neqoxec is lightly wounded.
You hit the neqoxec. The neqoxec closely misses you. The neqoxec hits you.
You slash the neqoxec!
The neqoxec is moderately wounded.
You hit the neqoxec.
You are no longer berserk.
You are exhausted.
You feel yourself slow down. The neqoxec closely misses you.
The neqoxec hits you.
* * * LOW HITPOINT WARNING * * *
The neqoxec gestures at you.
Something tries to feed on your intellect!
You feel much better. The neqoxec hits you! The neqoxec gestures at you.
Something tries to feed on your intellect!
You hit the neqoxec but do no damage.
The neqoxec is heavily wounded.
The neqoxec hits you. The neqoxec gestures at you.
Something tries to feed on your intellect!
You barely miss the neqoxec.
The neqoxec is heavily wounded.
The neqoxec barely misses you. x2
You closely miss the neqoxec.
The neqoxec is heavily wounded.
The neqoxec closely misses you.
You closely miss the neqoxec.
The neqoxec is moderately wounded.
The neqoxec hits you!
* * * LOW HITPOINT WARNING * * *
You slash the neqoxec!
The neqoxec is severely wounded.
The neqoxec hits you!
* * * LOW HITPOINT WARNING * * *
The neqoxec hits you.
You die...

## ###
#.##..#
#.3.#
#3#
##@##
+.<.+
##.##
#+#


You could see 2 neqoxecs.

Vanquished Creatures
  2 neqoxecs (D)
2 creatures vanquished.

Vanquished Creatures (others)
  A water moccasin (D)
1 creature vanquished.

Grand Total: 3 creatures vanquished

Notes
Turn   | Place    | Note
-------+----------+-------------------------------------------
     0 | D        | boopmooplesden the Ogre Berserker began the quest for the
                  | Orb.
     0 | D        | Reached XP level 1. HP: 24/24 MP: 1/1
     1 | D        | Noticed a neqoxec
     1 | D        | Noticed a neqoxec
     1 | D        | Noticed a neqoxec
     1 | D        | Noticed a neqoxec
     1 | D        | Gained mutation: Your spells are a little easier to cast,
                  | but a little less powerful. [a neqoxec]
     7 | D        | Killed a neqoxec
     8 | D        | Reached skill level 8 in Fighting
     8 | D        | Reached skill level 5 in Dodging
     8 | D        | Reached XP level 2. HP: 34/42 MP: 2/2
     8 | D        | Reached XP level 3. HP: 40/49 MP: 3/3
     8 | D        | Reached XP level 4. HP: 47/58 MP: 4/4
     8 | D        | Reached XP level 5. HP: 54/66 MP: 5/5
    12 | D        | Gained mutation: You occasionally shout uncontrollably at
                  | your foes. [a neqoxec]
    17 | D        | Killed a neqoxec
    18 | D        | Reached skill level 10 in Fighting
    18 | D        | Reached XP level 6. HP: 52/79 MP: 6/6
    18 | D        | Gained mutation: You expend magic power (3 MP) to
                  | strengthen your wands. [a neqoxec]
    20 | D        | Gained mutation: You are somewhat resistant to further
                  | mutation. [a neqoxec]
    22 | D        | Killed a water moccasin
    31 | D        | HP: 1/79 [neqoxec (13)]
    31 | D        | Slain by a neqoxec

Illustrated notes

Levels and vault maps discovered:
D:        the_violet_keep_of_menkaure [sprint2_stairs_cluster_1,
          sprint2_shoproom, sprint2_temple, sprint2_basic_supplies,
          sprint2_obstacle_1, sprint2_obstacle_2, sprint2_obstacle_4,
          sprint2_obstacle_7, sprint2_obstacle_5, sprint2_timed_cluster_1,
          sprint2_smallroom_cluster_1, sprint2_smallroom_final_cluster_1,
          sprint2_transparent_cluster_1, sprint2_second_timed_cluster_1,
          sprint2_sniper_area_1, sprint2_heavy_combat_area_1,
          sprint2_mutation_trap_area_1, sprint2_forest_area_1,
          sprint2_light_combat_area_1, sprint2_behind_water_1,
          sprint2_near_end_vault_1]

Skill      XL: |  1  2  3  4  5 |
---------------+----------------+-----
Fighting       | 8 10 | 10.3
Axes           | 6 7 |  7.8
Dodging        | 5 6 |  6.7

Action                   |  1- 3 |  4- 6 || total
-------------------------+-------+-------++-------
Melee: Hand axe          |     5 |    21 ||    26
       Punch             |       |     1 ||     1
Invok: Berserk           |     1 |       ||     1
  Use: Potion            |       |     1 ||     1
Armor: Animal skin       |     1 |       ||     1
Dodge: Dodged            |       |    11 ||    11
